 Dungeon Crawl Stone Soup version 0.14-a0-2839-g31ee8e6 (webtiles) character file.

326 GeneKelly the Sneak (level 5, -1/24 HPs)
             Began as a Spriggan Enchanter on Feb 26, 2014.
             Killed from afar by an orc wizard (3 damage)
             ... with a magic dart
             ... on Level 4 of the Dungeon.
             The game lasted 00:16:04 (4302 turns).

GeneKelly the Sneak (Spriggan Enchanter)            Turns: 4302, Time: 00:16:06

HP  -1/24        AC  4     Str  5      XL: 5   Next: 36%
MP   2/14        EV 18     Int 16      God:
Gold 142         SH  0     Dex 17      Spells:  2 memorised,  6 levels left

rFire  . . .     SeeInvis +     a - +1 dagger
rCold  . . .     Clarity  .     b - +1 robe
rNeg   . . .     Conserve .     (shield restricted)
rPois  .         rCorr    .     (helmet restricted)
rElec  .         rRot     .     i - +0 cloak
SustAb . .       Spirit   .     (gloves unavailable)
rMut   .         Warding  .     (boots unavailable)
Saprov . . .     Stasis   .     o - amulet of inaccuracy {unknown}
MR     .....                    (no ring)
                                (no ring)

@: held, very quick, not resistant to hostile enchantments, quite stealthy
A: unfitting armour, see invisible, herbivore 3, speed 3, slow metabolism 2
a: no special abilities


You were on level 4 of the Dungeon.
You were not hungry.

You visited 1 branch of the dungeon, and saw 4 of its levels.

You collected 142 gold pieces.

Inventory:

Hand weapons
 a - a +1,+1 dagger (weapon)
Missiles
 d - 31 darts (quivered)
 h - 25 poisoned needles
Armour
 b - a +1 robe (worn)
 i - a +0 cloak (worn)
Comestibles
 j - a bread ration
 s - a choko
 u - a pear
Scrolls
 f - 4 scrolls of remove curse {unknown}
 g - a scroll of teleportation {unknown}
 k - 7 scrolls of identify {unknown}
 m - a scroll of fog {unknown}
 r - a scroll of curse armour {unknown}
 t - a scroll of recharging {unknown}
 v - a scroll of curse jewellery {unknown}
Jewellery
 o - an amulet of inaccuracy (around neck) {unknown}
 q - a cursed amulet of inaccuracy {unknown}
Potions
 e - a potion of porridge
 l - a potion of flight {unknown}
 n - 2 potions of heal wounds {unknown}
 p - 2 potions of curing
Books
 c - a book of Maledictions

   Spells                             Type                      Level
   *Corona                            Hexes                        1
   Sure Blade                         Hexes/Charms                 2
   *Ensorcelled Hibernation           Hexes/Ice                    2
   Confuse                            Hexes                        3
   Enslavement                        Hexes                        4
   Invisibility                       Hexes                        6


   Skills:
 * Level 4.6 Short Blades
 - Level 1.1 Throwing
 - Level 3.1 Dodging
 + Level 5.3 Stealth
 - Level 2.7 Spellcasting
 - Level 3.9 Hexes


You had 6 spell levels left.
You knew the following spells:

 Your Spells              Type           Power        Failure   Level  Hunger
a - Corona                Hex            ##.....      4%          1    #......
b - Ensorcelled Hibernat  Hex/Ice        #.....       14%         2    ##.....


Dungeon Overview and Level Annotations

Branches:
Dungeon (4/16)
 Temple: D:4-7

Altars:
Cheibriados
Fedhas

Annotations:
D:4 Menkaure


Innate Abilities, Weirdness & Mutations

You are tiny and cannot use many weapons and most armour.
You have supernaturally acute eyesight.
You are a herbivore.
You cover ground extremely quickly.
You need consume almost no food.


Message History

You hit the inept door mimic but do no damage.
The inept door mimic is almost destroyed.
The orc wizard hits you with a dagger.
* * * LOW HITPOINT WARNING * * *
Drink which item? (? for menu, Esc to quit)
You feel better.
The inept door mimic snaps closed at you.
The orc wizard misses you.
You completely miss the inept door mimic.
The inept door mimic is almost destroyed.
The orc wizard closely misses you.
The inept door mimic snaps closed at you.
* * * LOW HITPOINT WARNING * * *
You hit the inept door mimic but do no damage.
The inept door mimic is almost destroyed.
The orc wizard completely misses you.
The inept door mimic closely misses you.
The orc wizard casts a spell at you. The magic dart hits you!
You die...

.....######....#..#.#.#
##.#.....##..##.......#
#..#.###.##..##....#..#
## #)##.# #...+....#..#
#... #. #..
#...#....#..##...# #.
####. #........#.......#
#.
...###.###.####.####.#
#. #......##+# #.# .
#...oo@# #.#
#####...#### #[#
#.......# #.# #.###..###
#.# ######'#......# #.#
#........#..#.# #)#
#........#....######.##
##........#............#
.'.......>.............#


You could see an orc wizard, an inept door mimic and an orc.

Vanquished Creatures
  An orc wizard (D:3)
  A worker ant (D:4)
  A scorpion (D:4)
  2 adders
  2 worms (D:2)
  2 giant geckos (D:3)
  An ooze (D:3)
  4 orcs
  4 giant cockroaches
  9 hobgoblins
  10 jackals
  5 kobolds
  A quokka (D:3)
  2 ball pythons (D:3)
  4 bats
  4 giant newts
  11 goblins
  7 rats
71 creatures vanquished.

Notes
Turn   | Place    | Note
--------------------------------------------------------------
     0 | D:1      | GeneKelly, the Spriggan Enchanter, began the quest for the Orb.
     0 | D:1      | Reached XP level 1. HP: 9/9 MP: 4/4
   194 | D:1      | Reached XP level 2. HP: 2/13 MP: 5/7
   552 | D:1      | Learned a level 2 spell: Ensorcelled Hibernation
  1469 | D:2      | Reached XP level 3. HP: 14/16 MP: 9/9
  2838 | D:3      | Reached skill level 4 in Stealth
  2838 | D:3      | Reached XP level 4. HP: 19/21 MP: 12/12
  3307 | D:3      | Found a snail-covered altar of Cheibriados.
  3307 | D:3      | Found a blossoming altar of Fedhas.
  4055 | D:4      | Reached skill level 5 in Stealth
  4055 | D:4      | Reached XP level 5. HP: 24/24 MP: 14/14
  4236 | D:4      | Noticed Menkaure
  4302 | D:4      | Killed from afar by an orc wizard

Action                   |  1- 3 |  4- 6 || total
-------------------------+-------+-------++-------
Melee: Dagger            |   158 |   146 ||   304
Throw: Dart              |    18 |     4 ||    22
 Cast: Corona            |     9 |     4 ||    13
       Ensorcelled Hiber |    17 |    14 ||    31
  Use: Potion            |       |     3 ||     3
 Stab: Sleeping          |    12 |    13 ||    25
